 Dungeon Crawl Stone Soup version 0.18-a0-312-g61bb5a5 (webtiles) character file.

1512 Ordine the Conjurer (level 8, 41/41 HPs)
             Began as a Tengu Wizard on Nov 27, 2015.
             Was an Initiate of Vehumet.
             Quit the game on level 6 of the Dungeon.
             The game lasted 00:27:51 (8264 turns).

Ordine the Conjurer (Tengu Wizard)                  Turns: 8264, Time: 00:27:51

Health: 41/41      AC:  3    Str: 12    XL:     8   Next: 83%
Magic:  18/18      EV: 12    Int: 21    God:    Vehumet [......]
Gold:   273        SH:  0    Dex: 12    Spells: 5 memorised, 8 levels left

rFire  . . .     SeeInvis .     t - +0 lajatang
rCold  . . .     Clarity  +     a - +0 robe
rNeg   . . .     SustAt   .     (shield currently unavailable)
rPois  .         Gourm    .     b - +0 hat
rElec  .         Spirit   .     (no cloak)
rCorr  .         Warding  .     m - +0 pair of gloves
rMut   .         Stasis   .     (boots unavailable)
MR     .....                    n - amulet of clarity
Stlth  ++........               (no ring)
                                p - +4 ring of strength

@: repel missiles, not resistant to hostile enchantments, unstealthy
A: beak, talons 3, able to fly 1
a: Fly, Renounce Religion


You were on level 6 of the Dungeon.
You worshipped Vehumet.
Vehumet was noncommittal.
You were not hungry.

You visited 2 branches of the dungeon, and saw 7 of its levels.

You collected 273 gold pieces.

Inventory:

Hand Weapons
 t - a +0 lajatang (weapon)
Armour
 a - a +0 robe (worn)
 b - a +0 hat (worn)
 m - a +0 pair of gloves (worn)
Jewellery
 n - an amulet of clarity (around neck)
 p - a +4 ring of strength (left hand)
Scrolls
 f - 5 scrolls of remove curse
 g - a scroll of teleportation
 h - a scroll of identify
 r - a scroll of immolation
 s - a scroll of enchant weapon
Potions
 e - 2 potions of cancellation
 i - a potion of haste
 l - a potion of might
 o - a potion of heal wounds
 q - a potion of invisibility
 u - a potion of degeneration {unknown}
 v - a potion of flight {unknown}
Books
 c - a book of Minor Magic

   Spells                             Type                      Level
   a - Magic Dart                     Conjuration                  1
   b - Blink                          Translocation                2
   c - Call Imp                       Summoning                    2
   d - Repel Missiles                 Charms/Air                   2
   e - Slow                           Hexes                        2
   f - Conjure Flame                  Conjuration/Fire             3
   g - Mephitic Cloud                 Conjuration/Poison/Air       3
Comestibles
 d - 4 bread rations
 j - 3 meat rations


   Skills:
 + Level 1.6 Staves
 - Level 2.1 Dodging
 - Level 2.0 Stealth
 * Level 6.3 Spellcasting
 + Level 7.3 Conjurations
   Level 1.2 Summonings
 - Level 3.0 Translocations
 + Level 3.8 Fire Magic
 + Level 4.6 Air Magic


You had 8 spell levels left.
You knew the following spells:

 Your Spells              Type           Power        Failure   Level  Hunger
a - Magic Dart            Conj           ####         1%          1    None
b - Blink                 Tloc           N/A          4%          2    None
c - Conjure Flame         Conj/Fire      ####....     2%          3    #......
d - Mephitic Cloud        Conj/Pois/Air  ###.....     6%          3    #......
e - Repel Missiles        Chrm/Air       ###...       8%          2    None


Dungeon Overview and Level Annotations

Branches:
Dungeon (6/15)             Temple (1/1) D:5

Altars:
Ashenzari
Dithmenos
Elyvilon
Fedhas
Nemelex Xobeh
Okawaru
Ru
Sif Muna
Trog
Vehumet
Xom
Yredelemnul
Zin
The Shining One


Innate Abilities, Weirdness & Mutations

You have a beak for a mouth.
You have claws for feet.
You can fly.


Message History

Confirm with . or Enter, or press ? or * to list all spells.
Aiming: Magic Dart
Press: ? - help, Shift-Dir - straight line, f/p - worker ant
Aim: a worker ant (severely wounded)
The magic dart hits the worker ant.
The worker ant is almost dead.
The worker ant barely misses you.
Casting: Magic Dart
Confirm with . or Enter, or press ? or * to list all spells.
Aiming: Magic Dart
Press: ? - help, Shift-Dir - straight line, f/p - worker ant
Aim: a worker ant (almost dead)
The magic dart hits the worker ant.
You kill the worker ant!
Vehumet accepts your kill.
You start resting.
Magic restored.
You start resting.
HP restored.
Are you sure you want to abandon this character and quit the game? (Confirm with "yes".)

....[....# #............
........†# #............
.........##########.(...
.................##.....
.................##.....
.................##.....
.................##.....
.................##.....
[?.....@.........##.....
########.........##.....
#.........##.....
#.........##.....
#.........##.....
#.........##.....
############..... ######


There were no monsters in sight!

Vanquished Creatures
  The ghost of P0WERM0DE the Frost Mage, a novice DEIE (D:5)
  Sigmund (D:5)
  A hippogriff (D:6)
  A necrophage (D:5)
  An orc warrior (D:6)
  An ogre (D:4)
  A scorpion (D:4)
  2 crimson imps (D:6)
  3 hounds
  An iguana (D:4)
  2 orc wizards
  A giant frog skeleton (D:3)
  Natasha (thrice) (D:3)
  3 worker ants
  A hound zombie (D:5)
  A gnoll (D:4)
  5 adders
  2 shadow imps (D:6)
  2 oozes (D:3)
  An adder zombie (D:6)
  3 worms
  4 giant geckos
  12 orcs
  A ball python (D:1)
  13 bats
  4 giant cockroaches
  10 goblins
  8 hobgoblins
  7 kobolds
  A quokka (D:4)
  A giant gecko zombie (D:6)
  7 giant newts
  14 jackals
  11 rats
130 creatures vanquished.

Vanquished Creatures (collateral kills)
  An orc wizard (D:6)
1 creature vanquished.

Vanquished Creatures (others)
  Edmund (D:6)
1 creature vanquished.

Grand Total: 132 creatures vanquished

Notes
Turn   | Place    | Note
--------------------------------------------------------------
     0 | D:1      | Ordine the Tengu Wizard began the quest for the Orb.
     0 | D:1      | Reached XP level 1. HP: 10/10 MP: 5/5
   555 | D:1      | Reached XP level 2. HP: 15/15 MP: 7/7
  1136 | D:1      | Reached XP level 3. HP: 11/19 MP: 2/8
  1660 | D:2      | Learned a level 2 spell: Blink
  1664 | D:2      | Learned a level 3 spell: Conjure Flame
  1961 | D:2      | Reached skill level 4 in Conjurations
  1961 | D:2      | Reached XP level 4. HP: 24/24 MP: 4/10
  2221 | D:2      | Found a shimmering altar of Xom.
  2221 | D:2      | Found a shimmering altar of Xom.
  2221 | D:2      | Found a shimmering altar of Xom.
  2222 | D:2      | Found a shimmering altar of Xom.
  2222 | D:2      | Found a shimmering altar of Xom.
  2259 | D:2      | Learned a level 3 spell: Mephitic Cloud
  3258 | D:3      | Reached skill level 5 in Conjurations
  3258 | D:3      | Gained mutation: You can fly. [Tengu growth]
  3258 | D:3      | Reached XP level 5. HP: 28/28 MP: 2/12
  3320 | D:3      | Learned a level 2 spell: Repel Missiles
  3743 | D:3      | Noticed Natasha
  3745 | D:3      | Killed Natasha
  3860 | D:3      | Found a shattered altar of Ashenzari.
  3953 | D:3      | Found a blossoming altar of Fedhas.
  4009 | D:3      | Noticed Natasha
  4012 | D:3      | Killed Natasha
  4023 | D:3      | Found a sacrificial altar of Ru.
  4321 | D:3      | Noticed Natasha
  4322 | D:3      | Killed Natasha
  4360 | D:4      | Reached skill level 1 in Translocations
  4360 | D:4      | Reached skill level 1 in Air Magic
  4476 | D:4      | Reached skill level 1 in Fire Magic
  4476 | D:4      | Reached XP level 6. HP: 32/32 MP: 6/13
  4981 | D:4      | Found an iron altar of Okawaru.
  5309 | D:4      | Reached skill level 6 in Conjurations
  5549 | D:4      | Reached XP level 7. HP: 21/36 MP: 8/15
  5776 | D:4      | Found a basalt altar of Yredelemnul.
  5856 | D:4      | Found a white marble altar of Elyvilon.
  5999 | D:5      | Entered Level 5 of the Dungeon
  6144 | D:5      | Found a shimmering altar of Xom.
  6350 | D:5      | Found a staircase to the Ecumenical Temple.
  6357 | D:5      | Noticed P0WERM0DE's ghost (novice DEIE)
  6360 | Temple   | Entered the Ecumenical Temple
  6430 | Temple   | Became a worshipper of Vehumet
  6506 | D:5      | Killed P0WERM0DE's ghost
  6506 | D:5      | Reached skill level 5 in Spellcasting
  6875 | D:5      | Noticed Sigmund
  6882 | D:5      | Killed Sigmund
  6882 | D:5      | Reached XP level 8. HP: 33/41 MP: 7/17
  7741 | D:6      | Found a sparkling altar of Nemelex Xobeh.
  7862 | D:6      | Noticed Edmund
  7875 | D:6      | Reached skill level 7 in Conjurations
  7888 | D:6      | Killed Edmund
  7888 | D:6      | Reached skill level 1 in Staves
  8264 | D:6      | Quit the game

Vault maps used:
D:1:      sevenhm_arrival_forest_fort_small_3
D:2:      xom_redecorated, roderic_roman_lattice, minmay_misc_feat_more_columns
D:3:      nicolae_ru_path_of_blood, ashenzari_altar_1, fedhas_altar_4,
          uniq_natasha
D:4:      kennysheep_ying_yang, okawaru_ov_weapons_minmay, minmay_door_square,
          nrook_mini_backslash
D:5:      minmay_temple_entry_large_hall, basic_altar, first_bread, uniq_sigmund
D:6:      nemelex_xobeh_ov_fountains_minmay, uniq_edmund
Temple:   circular_temple_6

Action                   |  1- 3 |  4- 6 |  7- 9 || total
-------------------------+-------+-------+-------++-------
Melee: Unarmed           |    24 |       |       ||    24
       Dagger            |     7 |       |       ||     7
       Short sword       |    38 |    44 |     4 ||    86
       Lajatang          |       |       |    15 ||    15
 Cast: Magic Dart        |    45 |   144 |   160 ||   349
       Conjure Flame     |       |     2 |     4 ||     6
       Repel Missiles    |       |     2 |     1 ||     3
       Mephitic Cloud    |       |     2 |     3 ||     5
 Abil: Fly               |       |       |     1 ||     1
  Use: Scroll            |     3 |     3 |     3 ||     9
       Potion            |     1 |       |     7 ||     8
 Stab: Sleeping          |     2 |     1 |       ||     3
  Eat: Chunk             |     3 |    11 |     3 ||    17
       Bread ration      |       |       |     1 ||     1
       Beef jerky        |       |       |     1 ||     1
